 Dungeon Sprint DCSS version 0.31-a0-145-g046c7d2549 (webtiles) character file.

Game seed: 5292942417981115992

6874 rocky1 the Severer (level 10, -16/96 HPs)
             Began as a Minotaur Fighter on June 6, 2023.
             Was a High Priest of Okawaru.
             Blown up by an eye of devastation (32 damage)
             ... with a bolt of energy
             ... in the Dungeon (Sprint VII: "The Pits").
             The game lasted 00:04:52 (1862 turns).

rocky1 the Severer (Minotaur Fighter)               Turns: 1862, Time: 00:04:52

Health: -16/96     AC: 20    Str: 26    XL:     10   Next: 78%
Magic:  16/16      EV: 10    Int:  8    God:    Okawaru [*****.]
Gold:   0          SH:  5    Dex:  9    Spells: 9/9 levels left

rFire   . . .        a - +2 war axe (freeze)
rCold   . . .        c - +0 buckler
rNeg    . . .        n - +0 plate armour {Will+}
rPois   .            (helmet restricted)
rElec   .            u - +0 cloak
rCorr   .            (no gloves)
SInv    .            (no boots)
Will    +....        (no amulet) Stlth
                     r - +3 ring of intelligence
HPRegen 0.36/turn    q - +3 ring of protection
MPRegen 0.15/turn

%: no teleportation
@: no status effects
A: horns 2, retaliatory headbutt
a: Renounce Religion, Heroism, Finesse


You were in the Dungeon.
You worshipped Okawaru.
Okawaru was extremely pleased with you.
You visited 1 branch

Inventory:

Hand Weapons
 a - a +2 war axe of freezing (weapon)
 b - a +2 morningstar of protection
 m - a +2 lajatang of pain
 o - a +3 battleaxe
 p - a +1 scimitar of flaming
Missiles
 i - 2 javelins (quivered)
 v - a datura-tipped dart
Armour
 c - a +0 buckler (worn)
 n - a +0 plate armour of willpower (worn)
 u - a +0 cloak (worn)
Jewellery
 q - a +3 ring of protection (right hand)
 r - a +3 ring of intelligence (left hand)
Scrolls
 j - a scroll of blinking
 l - 5 scrolls of amnesia
Potions
 d - 2 potions of might
 e - 7 potions of curing
 f - 8 potions of heal wounds
 g - 2 potions of haste
 h - 4 potions of magic
 k - 2 potions of invisibility
 s - a potion of brilliance
 t - a potion of mutation


   Skills:
 + Level 11.3 Fighting
 + Level 1.7 Long Blades
 * Level 18.7 Axes
 * Level 5.7 Throwing
 + Level 12.5 Armour
 * Level 10.7 Dodging
 + Level 1.8 Stealth
 + Level 8.0 Shields
 * Level 9.6 Invocations


You had 9 spell levels left.
You didn't know any spells.
Your spell library was empty.

Dungeon Overview and Level Annotations

Branches:
Dungeon (1/1)

Altars:
Ashenzari
Cheibriados
Dithmenos
Elyvilon
Fedhas
Gozag
Hepliaklqana
Kikubaaqudgha
Makhleb
Nemelex Xobeh
Okawaru
Qazlal
Ru
Sif Muna
Trog
Uskayaw
Vehumet
Wu Jian
Xom
Yredelemnul
Zin
The Shining One
Jiyva
Lugonu


Innate Abilities, Weirdness & Mutations

You have a pair of horns on your head.
You reflexively headbutt those who attack you in melee.


Message History

You burn the one-headed hydra.
The one-headed hydra is severely wounded.
The one-headed hydra bites you but does no damage.
Unknown command.
You feel much better.
You block the one-headed hydra's attack.
You chop the one-headed hydra's last head off!
You kill the one-headed hydra!
Okawaru is honoured by your kill. Okawaru grants you a weapon!
Something appears at your feet!
You see here the +8 battleaxe of Tinimeath {freeze, rF+ Int+3 SInv}.
The eye of devastation gazes at you. The bolt of energy hits you!
Your Long Blades skill increases to level 1!
Your Shields skill increases to level 8!
Unknown command.
Okay, then.
Your +1 scimitar of flaming stops flaming.
Your +2 war axe of freezing glows with a cold blue light!
a - a +2 war axe of freezing (weapon)
There is an open door, spattered with blood here.
You see here an elephant corpse.
You hit the eye of devastation. You freeze the eye of devastation.
You headbutt the eye of devastation, but do no damage.
The eye of devastation is lightly wounded.
The eye of devastation gazes at you. The bolt of energy hits you!!
* * * LOW HITPOINT WARNING * * *
You hit the eye of devastation. You freeze the eye of devastation.
The eye of devastation is moderately wounded.
You feel much better. The eye of devastation gazes at you.
The bolt of energy hits you!!
* * * LOW HITPOINT WARNING * * *
You hit the eye of devastation but do no damage.
The eye of devastation is lightly wounded.
The eye of devastation gazes at you. The bolt of energy hits you!!
You die...

............#
#####''###### ...##''#
##### ###
...##..###...###..+
...##...##[))##..#
...###...##)##..## ...#
##..........##
...###..###'###...# +##
...##.)##.....##@.#...#
#####..')[)...)†G.'...+
#####..##.....##..#...#
.[.###..###'###...# +##
.[[# ##...÷.)....##
.)?# #...##'##..##
.).##...##.†.##..#
.).##..###...###..+
###### ##### ###


You could see an eye of devastation.

Vanquished Creatures
  Josephine (D)
  A hydra (D)
  A death yak (D)
  A deep elf zephyrmancer (D)
  An orc knight (D)
  An elephant (D)
  A black mamba (D)
  An efreet (D)
  A rime drake (D)
  An ice devil (D)
  A polar bear (D)
  A hellwing (D)
  A merfolk (D)
  Grinder (D)
  A flying skull (D)
  A shadow (D)
  5 yaks (D)
  3 wraiths (D)
  A basilisk (D)
  An orc warrior (D)
  A black bear (D)
  A crimson imp (D)
  A quasit (D)
  A jelly (D)
  An orc priest (D)
  An orc wizard (D)
  An adder (D)
  8 orcs (D)
  3 endoplasms (D)
  3 jackals (D)
  A kobold (D)
  2 quokkas (D)
  4 frilled lizards (D)
  2 quokka skeletons (D)
56 creatures vanquished.

Notes
Turn   | Place    | Note
-------+----------+-------------------------------------------
     0 | D        | rocky1 the Minotaur Fighter began the quest for the Orb.
     0 | D        | Reached XP level 1. HP: 19/19 MP: 0/0
    42 | D        | Found a bloodstained altar of Trog.
    42 | D        | Found a shimmering blue altar of Sif Muna.
    42 | D        | Found a viscous altar of Jiyva.
    42 | D        | Found a hazy altar of Hepliaklqana.
    42 | D        | Found an opulent altar of Gozag.
    43 | D        | Found a glowing golden altar of the Shining One.
    43 | D        | Found a glowing silver altar of Zin.
    43 | D        | Found a basalt altar of Yredelemnul.
    43 | D        | Found a shimmering altar of Xom.
    43 | D        | Found an ornate altar of the Wu Jian Council.
    43 | D        | Found a sacrificial altar of Ru.
    43 | D        | Found a stormy altar of Qazlal.
    43 | D        | Found an iron altar of Okawaru.
    43 | D        | Found a sparkling altar of Nemelex Xobeh.
    43 | D        | Found a burning altar of Makhleb.
    43 | D        | Found a blossoming altar of Fedhas.
    43 | D        | Found a white marble altar of Elyvilon.
    43 | D        | Found a shadowy altar of Dithmenos.
    43 | D        | Found a snail-covered altar of Cheibriados.
    45 | D        | Found a radiant altar of Vehumet.
    45 | D        | Found a corrupted altar of Lugonu.
    46 | D        | Found a hide-covered altar of Uskayaw.
    46 | D        | Found an ancient bone altar of Kikubaaqudgha.
    46 | D        | Found a broken altar of Ashenzari.
    51 | D        | Became a worshipper of Warmaster Okawaru
    69 | D        | Reached skill level 3 in Axes
    69 | D        | Reached skill level 1 in Dodging
    69 | D        | Reached skill level 1 in Invocations
    69 | D        | Reached XP level 2. HP: 28/28 MP: 1/1
   103 | D        | Noticed a flying skull
   111 | D        | Killed a flying skull
   111 | D        | Reached * piety under Okawaru
   111 | D        | Reached ** piety under Okawaru
   112 | D        | Reached skill level 7 in Axes
   112 | D        | Reached skill level 5 in Armour
   112 | D        | Reached skill level 5 in Shields
   112 | D        | Reached XP level 3. HP: 20/38 MP: 1/4
   112 | D        | Reached XP level 4. HP: 24/45 MP: 1/5
   112 | D        | Reached XP level 5. HP: 27/51 MP: 1/6
   350 | D        | Noticed Grinder
   353 | D        | Paralysed by Grinder for 3 turns
   363 | D        | Paralysed by Grinder for 4 turns
   369 | D        | Reached skill level 8 in Axes
   371 | D        | Killed Grinder
   372 | D        | Reached skill level 10 in Axes
   372 | D        | Reached skill level 5 in Dodging
   372 | D        | Reached XP level 6. HP: 30/60 MP: 6/8
   576 | D        | Noticed a deep elf zephyrmancer
   586 | D        | Killed a deep elf zephyrmancer
   586 | D        | Reached *** piety under Okawaru
   587 | D        | Reached skill level 12 in Axes
   587 | D        | Reached skill level 5 in Invocations
   587 | D        | Reached XP level 7. HP: 55/69 MP: 8/10
   750 | D        | Noticed an efreet
   750 | D        | Noticed a shadow
   753 | D        | Reached skill level 13 in Axes
   760 | D        | Killed a shadow
   760 | D        | Reached **** piety under Okawaru
   761 | D        | Reached XP level 8. HP: 40/77 MP: 8/11
   769 | D        | Killed an efreet
   770 | D        | Reached skill level 14 in Axes
   959 | D        | Noticed a hellwing
   959 | D        | Noticed a merfolk
   960 | D        | Noticed a black mamba
   967 | D        | Killed a hellwing
   967 | D        | Received a gift from Okawaru
   972 | D        | Killed a black mamba
   973 | D        | Reached skill level 15 in Axes
   973 | D        | Reached skill level 1 in Stealth
   973 | D        | Killed a merfolk
   974 | D        | Reached XP level 9. HP: 80/85 MP: 11/13
  1058 | D        | Noticed a death yak
  1067 | D        | Killed a death yak
  1067 | D        | Reached ***** piety under Okawaru
  1068 | D        | Reached skill level 10 in Fighting
  1068 | D        | Reached skill level 16 in Axes
  1381 | D        | Noticed Josephine
  1391 | D        | Killed Josephine
  1392 | D        | Reached skill level 17 in Axes
  1392 | D        | Reached skill level 10 in Armour
  1394 | D        | Received a gift from Okawaru
  1401 | D        | Reached XP level 10. HP: 62/94 MP: 15/15
  1520 | D        | Reached skill level 18 in Axes
  1528 | D        | Reached skill level 10 in Dodging
  1600 | D        | Noticed an orc knight
  1611 | D        | Received a gift from Okawaru
  1626 | D        | Killed an orc knight
  1627 | D        | Reached skill level 5 in Throwing
  1838 | D        | Noticed an eye of devastation
  1838 | D        | Noticed a five-headed hydra
  1838 | D        | Noticed an elephant
  1847 | D        | Killed an elephant
  1855 | D        | Killed a one-headed hydra
  1855 | D        | Identified the +8 battleaxe of Tinimeath {freeze, rF+ Int+3
                  | SInv} (Okawaru gifted it to you in the Dungeon)
  1855 | D        | Received a gift from Okawaru
  1856 | D        | Reached skill level 1 in Long Blades
  1862 | D        | Blown up by an eye of devastation

Illustrated notes

Levels and vault maps discovered:
D:        pitsprint [storerooms_1, entrance_room_1, metal_vault_5, armoury_1,
          mini_pit_1, grid_room_1, main_hall_1, silver_pit, the_coven_1,
          the_vestibule_1, steel_vault_5, golden_pit, hallway_of_sentries,
          crystal_vault_1, iron_vault_5, final_vault]

Skill      XL: |  1  2  3  4  5  6  7  8  9 10 |
---------------+-------------------------------+-----
Fighting       | 4 6 7 8 9 10 11 | 11.3
Axes           | 3 7 10 12 13 15 17 18 | 18.7
Armour         | 4 5 6 7 9 10 12 | 12.5
Dodging        | 1 4 5 7 8 9 10 | 10.7
Shields        | 4 5 6 7 8 |  8.0
Invocations    | 1 3 4 5 6 7 8 9 |  9.6
Stealth        | 1 |  1.8
Throwing       | 3 5 |  5.7
Long Blades    | 1 |  1.7

Action                     |  1- 3 |  4- 6 |  7- 9 | 10-12 || total
---------------------------+-------+-------+-------+-------++-------
  Melee: War axe           |    31 |       |    50 |    52 ||   133
         Headbutt          |     1 |       |    15 |    18 ||    34
         Hand axe          |       |    20 |    22 |       ||    42
         Scimitar          |       |       |       |    11 ||    11
  Throw: Javelin           |       |       |     2 |       ||     2
 Invoke: Heroism           |       |       |     1 |     1 ||     2
         Finesse           |       |       |       |     1 ||     1
    Use: Potion            |     1 |     1 |     2 |     3 ||     7
 Armour: Scale mail        |    19 |       |       |       ||    19
         Chain mail        |       |     9 |     1 |       ||    10
         Plate armour      |       |       |    40 |    40 ||    80
  Dodge: Dodged            |    16 |     5 |    24 |    17 ||    62
  Block: Buckler           |     8 |     1 |    14 |    19 ||    42

Table legend: (Time is in decaauts)
 A = Elapsed time spent in this place.
 B = Non-inter-level travel time spent in this place.
 C = Inter-level travel time spent in this place.
 D = Time resting spent in this place.
 E = Time spent auto-exploring this place.
 F = Levels seen in this place.
 G = Mean time per level.
                   A        B        C        D        E       F      G
               +--------+--------+--------+--------+--------+-----+--------+
         Total |   1866 |   1801 |     65 |   1301 |      0 |   1 | 1866.0 |
       Dungeon |   1866 |   1801 |     65 |   1301 |      0 |   1 | 1866.0 |
               +--------+--------+--------+--------+--------+-----+--------+

Top non-repeatable levels by time:
       D: 1866 daAuts
